 Dungeon Crawl Stone Soup version 0.32-a0-35-gd9ff480968 (webtiles) character file.

Game seed: 9682525161358047469

38 PriceMaster the Firebug (level 3, -1/22 HPs)
             Began as an Octopode Fire Elementalist on Jan 23, 2024.
             Slain by an adder (2 damage)
             ... on level 2 of the Dungeon.
             The game lasted 00:01:22 (951 turns).

PriceMaster the Firebug (Octopode Fire Elementalist) Turns: 951, Time: 00:01:23

Health: -1/22      AC:  1    Str:  7    XL:     3   Next: 43%
Magic:  0/6        EV: 13    Int: 19    God:
Gold:   28         SH:  0    Dex: 12    Spells: 3/6 levels left

rFire   . . .        b - +0 short sword
rCold   . . .        (no shield)
rNeg    . . .        (helmet restricted)
rPois   .            (no amulet)
rElec   .            (no ring)
rCorr   .            (no ring)
SInv    .            (no ring)
Will    .....        (no ring)
Stlth   +++          (no ring)
HPRegen 0.23/turn    (no ring)
MPRegen 0.10/turn    (no ring)
                     (no ring)

%: no passive effects
@: brilliant, lethally poisoned (-1 -> -4), very slightly contaminated,
invisible
A: almost no armour, amphibious, 8 rings, camouflage 1, gelatinous body 1,
(nimble swimmer 1), tentacles
a: no special abilities


You were on level 2 of the Dungeon.
You visited 1 branch of the dungeon, and saw 2 of its levels.

You collected 28 gold pieces.

Inventory:

Hand Weapons
 b - a +0 short sword (weapon)
Scrolls
 c - a scroll of amnesia {unknown}
Potions
 a - a potion of magic


   Skills:
 + Level 0.6 Fighting
 + Level 0.5 Short Blades
 + Level 2.1 Dodging
 + Level 3.2 Stealth
 + Level 2.2 Spellcasting
 + Level 1.6 Conjurations
 + Level 3.3 Fire Magic


You had 3 spell levels left.
You knew the following spells:

 Your Spells              Type           Power      Damage    Failure   Level
a - Foxfire               Conj/Fire      68%        2x1d7     6%          1
b - Scorch                Fire           44%        2d6       6%          2

Your spell library contained the following spells:

 Spells                   Type           Power      Damage    Failure   Level
 Inner Flame              Hex/Fire       12%        N/A       26%         3
 Volatile Blastmotes      Fire/Tloc      24%        2d12      26%         3
 Flame Wave               Conj/Fire      17%        2d7       52%         4
 Cause Fear               Hex            1%         N/A       86%         4
 Fireball                 Conj/Fire      8%         3d6       86%         5
 Dragon's Call            Summ           1%         N/A       100%        9


Dungeon Overview and Level Annotations

Branches:
Dungeon (2/15)

Altars:


Innate Abilities, Weirdness & Mutations

You cannot wear most types of armour.
You are amphibious.
You can wear up to eight rings at the same time.
Your skin changes colour to match your surroundings (Stealth+).
Your rubbery body absorbs attacks. (AC +1, EV +1)
((You are camouflaged when in or above water. (Stealth+)))
You have tentacles for arms and can constrict up to eight enemies at once.


Message History

The adder misses you. The kobold hits you with a +0 dagger.
Casting: Foxfire (safe; 6% risk of failure)
Confirm with . or Enter, or press ? or * to list all spells.
Flames lash the adder.
You kill the adder!
The foxfire hits the kobold.
The kobold is moderately wounded.
The foxfire hits the kobold.
You kill the kobold!
The adder bites you. x2
You are poisoned.
The adder poisons you!
Casting: Scorch (safe; 6% risk of failure)
Confirm with . or Enter, or press ? or * to list all spells.
You don't have enough magic to cast this spell.
It was a potion of invisibility.
You fade into invisibility!
You feel sick. The adder bites you but does no damage.
The frilled lizard closely misses you.
Okay, then.
You feel sick.
Your foxfire dissipates!
You feel sick. The adder bites you.
* * * LOW HITPOINT WARNING * * *
You are lethally poisoned!
The adder poisons you!
Okay, then.
It was a potion of brilliance.
You feel clever all of a sudden.
* * * LOW HITPOINT WARNING * * *
You feel sick. The adder closely misses you.
Casting: Scorch (safe; 6% risk of failure)
Confirm with . or Enter, or press ? or * to list all spells.
You feel a surge of power!
Flames lash the frilled lizard.
You kill the frilled lizard!
* * * LOW HITPOINT WARNING * * *
You feel sick.
The rat squeaks loudly.
The adder bites you.
You die...

#########
#.#.).#.#.#
#...r†#.##
#..#.#S.#.#
#. #r##@.##
#. rr ##..#
#.# ..$ ##.#
#..##..
##..#
#..##.##..##
#..###..#.#
#..#..#.##
#...#†#.#
####.#######


You could see an adder (unable to see you) and a rat (wandering, unable to see
you).

Vanquished Creatures
  An adder (D:2)
  A dart slug (D:1)
  3 bats (D:1)
  3 endoplasms (D:1)
  A giant cockroach (D:1)
  2 goblins (D:1)
  4 hobgoblins (D:1)
  A ball python (D:1)
  2 frilled lizards
  3 kobolds
  4 rats
25 creatures vanquished.

Vanquished Creatures (others)
  28 foxfires
28 creatures vanquished.

Grand Total: 53 creatures vanquished

Notes
Turn   | Place    | Note
-------+----------+-------------------------------------------
     0 | D:1      | PriceMaster the Octopode Fire Elementalist began the quest
                  | for the Orb.
     0 | D:1      | Reached XP level 1. HP: 11/11 MP: 3/3
   151 | D:1      | Reached XP level 2. HP: 17/17 MP: 5/5
   155 | D:1      | Learned a level 2 spell: Scorch
   656 | D:1      | Reached XP level 3. HP: 22/22 MP: 3/6
   951 | D:2      | HP: 1/22 [poisoned by an adder]
   951 | D:2      | Slain by an adder

Illustrated notes

Levels and vault maps discovered:
D:1:      matt_arrival_diagonals, layout_loops_ring, st_stairs_6,
          hangedman_decor_push
D:2:      minmay_diamond_boxcup, layout_basic, serial_forest,
          infiniplex_forest_side_room, infiniplex_forest_end_2,
          infiniplex_forest_lined_3_way, infiniplex_forest_zigzag_2,
          infiniplex_forest_lined_ring, infiniplex_forest_straight_4,
          infiniplex_forest_clump_medium, basic_altar

Skill      XL: |  1 |
---------------+----+-----
Stealth        | 3 |  3.2
Fighting       | |  0.6
Short Blades   | |  0.5
Dodging        | |  2.1
Spellcasting   | |  2.2
Conjurations   | |  1.6
Fire Magic     | |  3.3

Action                     || total
---------------------------++-------
  Melee: Short sword       ||    41
         Constrict         ||    12
         Unarmed           ||     1
         Tentacles         ||     5
   Cast: Foxfire           ||    16
         Scorch            ||     5
    Use: Potion            ||     2
   Stab: Sleeping          ||     3
 Armour: Skin              ||    27
  Dodge: Dodged            ||    31

Table legend: (Time is in decaauts)
 A = Elapsed time spent in this place.
 B = Non-inter-level travel time spent in this place.
 C = Inter-level travel time spent in this place.
 D = Time resting spent in this place.
 E = Time spent auto-exploring this place.
 F = Levels seen in this place.
 G = Mean time per level.
                   A        B        C        D        E       F      G
               +--------+--------+--------+--------+--------+-----+--------+
         Total |    950 |    922 |     28 |      0 |    772 |   2 |  475.0 |
       Dungeon |    950 |    922 |     28 |      0 |    772 |   2 |  475.0 |
               +--------+--------+--------+--------+--------+-----+--------+

Top non-repeatable levels by time:
     D:1: 921 daAuts
     D:2: 28 daAuts
